 Dungeon Crawl Stone Soup version 0.13-a0-3073-ga7cf4ae (webtiles) character file.

662 Malachi the Ruinous (level 6, 0/41 HPs)
             Began as a Demonspawn Conjurer on Sept 16, 2013.
             Slain by a gnoll
             ... wielding a +0,+0 flail
              (12 damage)
             ... on Level 4 of the Dungeon.
             The game lasted 00:12:24 (5017 turns).

Malachi the Ruinous (Demonspawn Conjurer)           Turns: 5017, Time: 00:12:24

HP   0/41        AC  4     Str 12      XL: 6   Next: 93%
MP   1/13        EV 12     Int 18      God:
Gold 165         SH  0     Dex 14      Spells:  2 memorised,  9 levels left

Res.Fire  : . . .   See Invis. : .   g - +3,+2 elf short sword
Res.Cold  : . . .   Warding    : .   a - +0 robe
Life Prot.: . . .   Conserve   : +   (no shield)
Res.Poison: .       Res.Corr.  : .   (helmet restricted)
Res.Elec. : .       Clarity    : .   (no cloak)
Sust.Abil.: . .     Spirit.Shd : .   (no gloves)
Res.Mut.  : .       Stasis     : .   (no boots)
Res.Rott. : .       Flight     : .   e - amulet of conservation
Saprovore : . . .                    (no ring)
                                     j - +4 ring of strength

@: slightly resistant to hostile enchantments, fairly stealthy
A: antennae 1, demonic guardian 1, AC +2
a: no special abilities


You were on level 4 of the Dungeon.
You were hungry.

You visited 1 branch of the dungeon, and saw 4 of its levels.

You collected 145 gold pieces.

Inventory:

Hand weapons
 g - a +3,+2 elven short sword (weapon)
Missiles
 v - 13 poisoned needles
Armour
 a - a +0 robe (worn)
 i - a +0 helmet
Comestibles
 b - 4 bread rations
 p - a pear
 u - an apple
 w - a rambutan
Scrolls
 d - 4 scrolls of remove curse {unknown}
 k - a scroll of magic mapping {unknown}
 l - 3 scrolls of fog {unknown}
 m - a scroll of noise {unknown}
 n - 3 scrolls of identify
 o - 5 scrolls of teleportation {unknown}
Jewellery
 e - an amulet of conservation (around neck)
 j - a +4 ring of strength (left hand)
 q - an uncursed ring of flight {unknown}
 x - an uncursed ring of sustenance {unknown}
Potions
 f - 3 potions of curing {unknown}
 h - a potion of might {unknown}
 r - a potion of magic {unknown}
 s - a potion of cure mutation {unknown}
 z - a potion of brilliance
Books
 c - a book of Conjurations

   Spells                             Type                      Level
   *Magic Dart                        Conjuration                  1
   *Searing Ray                       Conjuration                  2
   Dazzling Spray                     Conjuration/Hexes            3
   Iskenderun's Mystic Blast          Conjuration                  4
   Iskenderun's Battlesphere          Conjuration/Charms           4
   Fulminant Prism                    Conjuration/Hexes            5
 t - a book of Cantrips

   Spells                             Type                      Level
   Confusing Touch                    Hexes                        1
   Animate Skeleton                   Necromancy                   1
   Summon Small Mammal                Summoning                    1
   Apportation                        Translocation                1


   Skills:
 - Level 0.1 Short Blades
 - Level 1.7 Dodging
 - Level 1.7 Stealth
 * Level 3.9 Spellcasting
 * Level 7.1 Conjurations


You had 9 spell levels left.
You knew the following spells:

 Your Spells              Type           Power        Failure   Level  Hunger
a - Magic Dart            Conj           ####         1%          1    None
b - Searing Ray           Conj           ####..       1%          2    ##.....


Dungeon Overview and Level Annotations

Branches:
Dungeon (4/27)
 Temple: D:4-7

Altars:


Innate Abilities, Weirdness & Mutations

You have a pair of small antennae on your head.
You are partially covered in slimy green scales (AC +2).
A weak demonic guardian rushes to your aid.


Message History

The gnoll throws a throwing net.
The throwing net misses you.
Casting: Magic Dart
Confirm with . or Enter, or press ? or * to list all spells.
Aiming: Searing Ray
Press: ? - help, Shift-Dir - straight line, f/p - gnoll
Aim: a gnoll, wielding a club (lightly wounded)
The searing ray hits the gnoll.
The gnoll is severely wounded.
The searing ray hits the gnoll.
The gnoll is almost dead.
The gnoll hits you with a club.
The searing ray hits the gnoll.
You kill the gnoll!
You barely miss the gnoll.
The gnoll picks up a club.
The gnoll hits you with a flail! The gnoll hits you with a flail!
* * * LOW HITPOINT WARNING * * *
The gnoll hits you but does no damage. The gnoll hits you with a flail!
You die...

. .........# ###..
.........# ......
......)...# ......
......%...# ###...
..........# #
.#######.## # #.# #
##g## #############
#.@.#
............###...#
#######...........#
#.###.###.(.#
#######.###.####.##
..................#
#######.#.....##..#
..............##..#
#######.#.....##..#


You could see a gnoll.

Vanquished Creatures
  Grinder (D:2)
  The ghost of DasRunzen the Skirmisher, an average DrAK of Lugonu (D:3)
  A worker ant (D:4)
  An orc wizard (D:3)
  Jessica (D:3)
  4 gnolls
  5 adders
  2 giant mites
  2 giant geckos (D:1)
  2 oozes
  11 orcs
  2 ball pythons (D:1)
  3 giant cockroaches
  5 hobgoblins
  4 jackals (D:3)
  10 kobolds
  4 bats
  3 giant newts
  8 goblins
  3 quokkas
  11 rats
84 creatures vanquished.

Vanquished Creatures (collateral kills)
  2 gnolls (D:3)
2 creatures vanquished.

Vanquished Creatures (others)
  A crimson imp (D:2)
  An iron imp (D:3)
  2 white imps (D:3)
  A lemure (D:2)
5 creatures vanquished.

Grand Total: 91 creatures vanquished

Notes
Turn   | Place    | Note
--------------------------------------------------------------
     0 | D:1      | Malachi, the Demonspawn Conjurer, began the quest for the Orb.
     0 | D:1      | Reached XP level 1. HP: 13/13 MP: 3/3
   498 | D:1      | Gained mutation: A weak demonic guardian rushes to your aid. [demonic ancestry]
   498 | D:1      | Reached XP level 2. HP: 17/19 MP: 0/4
  2043 | D:2      | Reached XP level 3. HP: 22/24 MP: 1/6
  2605 | D:3      | Noticed Grinder
  2607 | D:3      | Reached skill level 5 in Conjurations
  2753 | D:3      | Noticed DasRunzen's ghost (average DrAK)
  2785 | D:3      | Killed DasRunzen's ghost
  2785 | D:3      | Gained mutation: You have a pair of small antennae on your head. [demonic ancestry]
  2785 | D:3      | Reached XP level 4. HP: 25/30 MP: 6/8
  3217 | D:3      | Learned a level 2 spell: Searing Ray
  3222 | D:3      | Gained mutation: You are partially covered in slimy green scales (AC +2). [demonic ancestry]
  3222 | D:3      | Reached XP level 5. HP: 35/35 MP: 5/9
  3284 | D:3      | Reached skill level 6 in Conjurations
  4108 | D:3      | Noticed Jessica
  4129 | D:3      | Killed Jessica
  4348 | D:2      | Paralysed by Grinder for 4 turns
  4355 | D:2      | Killed Grinder
  4355 | D:2      | Reached XP level 6. HP: 19/41 MP: 3/13
  4723 | D:4      | Reached skill level 7 in Conjurations
  5017 | D:4      | Slain by a gnoll

Action                   |  1- 3 |  4- 6 || total
-------------------------+-------+-------++-------
Melee: Short sword       |    26 |    23 ||    49
       Unarmed           |     6 |       ||     6
 Cast: Magic Dart        |    68 |    74 ||   142
       Searing Ray       |       |    10 ||    10
  Use: Scroll            |     3 |       ||     3
       Potion            |     3 |       ||     3
